 Seeded DCSS version 0.30-a0-956-gcec3b41aec (webtiles) character file.

Game seed: 20230327 (custom seed)

185256 GigaChad the Slayer (level 17, -18/173 HPs)
             Began as a Minotaur Fighter on Mar 28, 2023.
             Was an Initiate of Gozag.
             Killed from afar by an ironbound thunderhulk (47 damage)
             ... with a bolt of lightning
             ... on level 4 of the Vaults on Mar 29, 2023.
             The game lasted 01:08:23 (27292 turns).

GigaChad the Slayer (Minotaur Fighter)             Turns: 27292, Time: 01:08:23

Health: -18/173    AC: 34    Str: 27    XL:     17   Next: 80%
Magic:  16/16      EV: 12    Int:  4    God:    Gozag
Gold:   6734       SH: 17    Dex: 15    Spells: 16/16 levels left

rFire   . . .      SeeInvis .    a - +5 war axe (drain)
rCold   . . .      Faith    .    O - +3 kite shield
rNeg    . . .      Spirit   .    g - +18 Lear's hauberk
rPois   +          Reflect  .    (helmet currently unavailable)
rElec   .          Rampage  .    b - +0 cloak "Bowkil" {Int+2 Dex+3}
rCorr   .          Rage     50%  (gloves currently unavailable)
Will    +++..                    (boots currently unavailable) Stlth
                                 J - necklace of Bloodlust {Fury *Rage Will++ Int-3 Slay+6}
HPRegen 0.48/turn                q - ring of poison resistance
MPRegen 0.15/turn                (no ring)

@: marked, gold aura, on berserk cooldown, slowed, bribing [the Vaults], very
slow
A: horns 2, retaliatory headbutt
a: Renounce Religion, Potion Petition, Call Merchant, Bribe Branch


You were on level 4 of the Vaults.
You worshipped Gozag.
Gozag was greatly pleased with you.
You visited 5 branches of the dungeon, and saw 27 of its levels.
You also visited: Ossuary.

You collected 11550 gold pieces.
You spent 1758 gold pieces at shops.
You paid 3058 gold pieces to Gozag.

Inventory:

Hand Weapons
 a - a +5 war axe of draining (weapon)
 u - the +7 dagger of Rucziuse {vamp, rElec Int+3 Dex+5}
   (You found it on level 3 of the Vaults)

   Int:       It affects your intelligence (+3).
   Dex:       It affects your dexterity (+5).
   rElec:     It insulates you from electricity.
 y - a +0 antimagic war axe
 I - the +5 flail of the Evening {spect, rF++}
   (You found it on level 6 of the Dungeon)

   rF:        It greatly protects you from fire.
 M - the +0 arbalest of the Slashing Gods {speed, *Slow rN+++ Str-2 Int+6}
   (You found it on level 3 of the Vaults)

   Str:       It affects your strength (-2).
   Int:       It affects your intelligence (+6).
   rN:        It renders you almost immune to negative energy.
   *Slow:     It may slow you when you take damage.
Armour
 b - the +0 cloak "Bowkil" (worn) {Int+2 Dex+3}
   (You found it on level 1 of the Lair of Beasts)

   Int:       It affects your intelligence (+2).
   Dex:       It affects your dexterity (+3).
 c - a +3 buckler
 g - the +18 Lear's hauberk (worn)
   (You found it on level 4 of the Dungeon)
 O - a +3 kite shield (worn)
 P - a +3 plate armour of willpower
 T - a +1 hat of see invisible
Jewellery
 j - a ring of fire
 q - a ring of poison resistance (left hand)
 J - the necklace of Bloodlust (around neck) {Fury *Rage Will++ Int-3 Slay+6}
   (You bought it in a shop on level 1 of the Dungeon)

   [amulet of nothing]

   Fury:      It extends the wearer's berserk rage when killing foes.
   Int:       It affects your intelligence (-3).
   Slay:      It affects your accuracy & damage with ranged weapons and melee
   (+6).
   *Rage:     It berserks you when you make melee attacks (+50% chance).
   Will:      It greatly increases your willpower.
 U - a ring of protection from cold
 X - a ring of ice
Wands
 i - a wand of mindburst (14)
 C - a wand of flame (8)
 L - a wand of paralysis (30)
 N - a wand of quicksilver (6)
 V - a wand of polymorph (6)
 Y - a wand of roots (22)
Scrolls
 k - 6 scrolls of immolation
 l - 2 scrolls of blinking
 p - 10 scrolls of magic mapping
 r - 5 scrolls of poison
 w - 15 scrolls of teleportation
 D - 2 scrolls of fear
 G - a scroll of brand weapon
 H - a scroll of identify
 W - 3 scrolls of summoning
 Z - 2 scrolls of vulnerability
Potions
 d - 5 potions of might
 e - 18 potions of curing (quivered)
 f - a potion of invisibility
 m - 3 potions of flight {unknown}
 n - 7 potions of brilliance
 o - 6 potions of lignification
 s - 7 potions of heal wounds
 t - 7 potions of berserk rage
 v - 3 potions of cancellation {unknown}
 x - 4 potions of haste
 z - 2 potions of resistance {unknown}
 B - a potion of ambrosia {unknown}
 E - 3 potions of attraction {unknown}
 K - 2 potions of mutation {unknown}
Miscellaneous
 h - a lightning rod (4/4)
 A - a tin of tremorstones (2/2)
 F - a tin of tremorstones (2/2)
 Q - a piece from Xom's chessboard (15/15)
 R - a lightning rod (4/4)
 S - a box of beasts


   Skills:
 * Level 21.0 Fighting
 + Level 19.7 Axes
 * Level 17.8 Armour
 + Level 7.0 Dodging
 + Level 3.1 Stealth
 * Level 17.7 Shields
 + Level 0.4 Evocations


You had 16 spell levels left.
You didn't know any spells.
Your spell library contained the following spells:

 Spells                   Type           Power      Damage    Failure   Level
 Foxfire                  Conj/Fire      0%         2x1d2     96%         1
 Magic Dart               Conj           0%         1d3       96%         1
 Sting                    Tmut/Pois      0%         1d3       96%         1
 Ensorcelled Hibernation  Hex/Ice        0%         N/A       99%         2
 Poisonous Vapours        Pois/Air       0%         N/A       99%         2
 Searing Ray              Conj           0%         2d4       99%         2
 Static Discharge         Conj/Air       0%         2-2/arc   99%         2
 Ignite Poison            Fire/Tmut/Pois 0%         N/A       100%        3
 Kindle Blastsparks       Fire/Tloc/Air  0%         2d10      100%        3
 Portal Projectile        Hex/Tloc       0%         N/A       100%        3
 Spider Form              Tmut/Pois      0%         N/A       100%        3
 Tukima's Dance           Hex            0%         N/A       100%        3
 Vhi's Electric Charge    Tloc/Air       0%         N/A       100%        3
 Anguish                  Hex/Necr       0%         N/A       100%        4
 Fulminant Prism          Conj/Hex       0%         3d5       100%        4
 Iskenderun's Mystic Bla  Conj/Tloc      0%         2d3       100%        4
 Olgreb's Toxic Radiance  Pois           0%         N/A       100%        4
 Sticky Flame             Conj/Fire      0%         2d3       100%        4
 Arcjolt                  Conj/Air       0%         1d10      100%        5
 Blade Hands              Tmut           0%         N/A       100%        5
 Borgnjor's Vile Clutch   Necr/Erth      0%         N/A       100%        5
 Fireball                 Conj/Fire      0%         3d3       100%        5
 Freezing Cloud           Conj/Ice/Air   0%         6-21      100%        5
 Lee's Rapid Deconstruct  Erth           0%         3d4*      100%        5
 Plasma Beam              Fire/Air       0%         2x1d7     100%        5
 Death Channel            Necr           0%         N/A       100%        6
 Starburst                Conj/Fire      0%         6d3       100%        6
 Borgnjor's Revivificati  Necr           0%         N/A       100%        8
 Ignition                 Fire           0%         3d3       100%        8
 Necromutation            Tmut/Necr      0%         N/A       100%        8
 Chain Lightning          Conj/Air       0%         N/A       100%        9
 Death's Door             Necr           0%         N/A       100%        9
 Fire Storm               Conj/Fire      0%         5d1       100%        9
 Polar Vortex             Ice            0%         N/A       100%        9
 Shatter                  Erth           0%         3d5*      100%        9
 Animate Dead             Necr           Unusable   N/A       N/A         4
 Simulacrum               Ice/Necr       Unusable   N/A       N/A         6

Dungeon Overview and Level Annotations

Branches:
Dungeon (15/15)            Temple (1/1) D:5            Lair (5/5) D:11
 Shoals (0/4) Lair:2        Snake (0/4) Lair:3          Orc (2/2) D:9
    Elf (0/3) Orc:2        Vaults (4/5) D:13          Crypt (0/3) Vaults:3
 Depths (0/4) D:15        Ossuary (visited)
  Slime: Lair:4-5

Altars:
Ashenzari
Cheibriados
Dithmenos
Elyvilon
Fedhas
Gozag
Hepliaklqana
Kikubaaqudgha
Makhleb
Okawaru
Qazlal
Ru
Sif Muna
Trog
Uskayaw
Vehumet
Xom
Yredelemnul
Zin
The Shining One
Jiyva

Shops:
D:1 *=:*=   D:11 :   Orc:1 !   Orc:2 [!(*[   Vaults:2 ?

Portals:
Abyss: D:11

Annotations:
D:7 3 runed translucent doors, TheSexyCheese's ghost, novice DEFE
D:9 exclusion: statue
D:11 2 transporters, Qatsonavu's ghost, journeyman GrFE
Lair:1 exclusion: oklob plant
Lair:5 3 runed translucent doors, exclusions: obsidian statue and 3 oklob plants, Elebb's ghost, journeyman NaSu
Orc:1 3 runed translucent doors, jejorda2's ghost, adept MfBe


Innate Abilities, Weirdness & Mutations

You have a pair of horns on your head.
You reflexively headbutt those who attack you in melee.


Message History

The bolt of lightning misses you.
The ironbound frostheart touches you but does no damage.
You slice the ironbound frostheart!! You drain the ironbound frostheart.
You headbutt the ironbound frostheart.
The ironbound frostheart is almost dead.
Your deep troll barely misses the ironbound thunderhulk.
Your deep troll claws the ironbound thunderhulk! x2
The ironbound thunderhulk hits your deep troll with a +0 dire flail!!!
Your deep troll dies!
The ironbound frostheart barely misses you.
You furiously retaliate!
You headbutt the ironbound frostheart!
The ironbound convoker begins to recite a word of recall!
You slash the ironbound frostheart!
You kill the ironbound frostheart!
Electricity crackles from the ironbound thunderhulk's apparatus.
The bolt of lightning hits you!!!
* * * LOW HITPOINT WARNING * * *
Strange energies crackle from the ironbound thunderhulk's apparatus.
The ironbound thunderhulk blinks!
Things that are here:
5 gold pieces; a +2 scale mail of cold resistance The vault sentinel is recalled.
The deep troll is recalled.
The yaktaur is recalled.
The centaur warrior is recalled.
The deep troll is recalled.
The yaktaur wields an arbalest.
The yaktaur shoots a bolt.
The bolt hits you!
* * * LOW HITPOINT WARNING * * *
A deep troll comes into view.
The deep troll stares, then turns away, jangling a coin purse.
A vault sentinel comes into view.
It is wielding a +0 falchion and quivering poisoned darts.
The vault sentinel blows a loud note on a signal horn!
A centaur warrior comes into view.
Your centaur warrior grins greedily, jangling a coin purse.
The deep troll bites you but does no damage.
The deep troll claws you.
* * * LOW HITPOINT WARNING * * *
You block the deep troll's attack.
Electricity crackles from the ironbound thunderhulk's apparatus.
The bolt of lightning hits you!!!
You die...
Your body crumbles into a pile of gold.

..........).........
....................
.........)...O.####
............?..#
...............#
........p....$.#
...........T...#
.....>..c.pT$c#
.........@..+
........$..#
..........#
...........#
###........#
#........#
#........#
#........#
#........#


You could see an ironbound thunderhulk (strong, ally target), a deep troll, a
vault sentinel (catching breath), an ironbound convoker (catching breath), a
yaktaur, a neutral deep troll (wandering) and a friendly centaur warrior.

Vanquished Creatures
  An ancient champion (Vaults:3)
  Gastronok (Orc:1)
  2 vault wardens
  An orc warlord (Orc:2)
  10 ironbound preservers
  A stone giant (D:15)
  2 war gargoyles
  5 very ugly things
  2 ironbound thunderhulks
  15 dire elephants
  Snorg (D:10)
  A crystal guardian (Vaults:1)
  Josephine (D:15)
  3 yaktaur captains (Vaults:2)
  3 great orbs of eyes
  11 vault guards
  A rakshasa (D:14)
  7 hydras
  2 peacekeepers
  Erolcha (D:10)
  4 ironbound frosthearts
  Erica (D:8)
  6 two-headed ogres
  10 centaur warriors
  An ogre mage (D:15)
  7 boulder beetles
  A death yak (Lair:5)
  3 orc high priests (Orc:2)
  Urug (D:10)
  2 skysharks
  A spectral anaconda (Lair:5)
  Lodul (D:10)
  28 deep trolls
  Pikel (D:4)
  11 ironbound convokers
  6 wizards
  7 lindwurms
  2 harpies (Vaults:1)
  3 deep elf pyromancers
  5 orc knights (Orc:2)
  4 necromancers (Lair:5)
  5 orc sorcerers (Orc:2)
  14 ugly things
  4 cyclopes
  2 manticores
  24 elephants
  A dire elephant zombie (Lair:5)
  9 vault sentinels
  Maurice (Orc:1)
  6 black mambas
  A water nymph (Lair:2)
  A gargoyle (D:14)
  Maggie (D:10)
  3 rime drakes
  14 cane toads
  A dire elephant skeleton (Lair:5)
  2 efreet
  7 komodo dragons
  6 yaktaurs
  9 trolls
  2 polar bears
  A tarantella (shapeshifter) (D:15)
  2 hornets
  2 spectral elephants (Lair:5)
  15 blink frogs
  A blink frog (shapeshifter) (D:15)
  8 slime creatures
  2 centaur simulacra (D:14)
  Sigmund (D:5)
  A shadow (D:9)
  A water elemental (D:11)
  8 wraiths
  6 wyverns
  68 yaks
  Eustachio (D:4)
  A basilisk (Lair:5)
  A death yak simulacrum (Lair:5)
  A yaktaur simulacrum (Vaults:1)
  2 steam dragons
  4 vampire mosquitoes (D:11)
  4 wargs
  Menkaure (D:5)
  An acid dragon (D:8)
  A spectral cane toad (Lair:5)
  Duvessa (D:4)
  19 water moccasins
  4 ice beasts
  29 orc warriors
  4 elephant zombies (Lair:5)
  9 centaurs
  An elephant skeleton (Lair:5)
  11 ogres
  7 wolves
  A phantom (D:5)
  A kobold brigand (D:10)
  4 lemures (D:4)
  12 bullfrogs
  Blork the orc (D:5)
  4 wyvern zombies
  5 scorpions
  A cane toad simulacrum (Lair:5)
  13 wights
  Dowan (D:4)
  11 killer bees
  A howler monkey (D:6)
  13 electric eels
  9 centaur zombies
  7 bullfrog zombies (Ossuary)
  A hound (D:5)
  5 jellies
  22 orc priests
  A gnoll bouda (D:9)
  2 iguanas
  Natasha (twice) (D:4)
  21 orc wizards
  8 killer bee zombies
  13 mummies
  9 howler monkey zombies
  8 adders
  4 gnolls (D:9)
  6 white imps
  3 ufetubi (D:14)
  A worm (D:2)
  2 dart slugs
  49 orcs
  4 ball pythons
  6 bats
  4 endoplasms
  5 giant cockroaches
  9 goblins
  6 hobgoblins
  2 jackals (D:2)
  2 quokkas
  3 frilled lizards
  13 kobolds
  4 rats
806 creatures vanquished.

Vanquished Creatures (collateral kills)
  A vault warden (Vaults:2)
  An ironbound preserver (Vaults:2)
  2 very ugly things (Vaults:1)
  A yaktaur captain (Vaults:3)
  A vault guard (Vaults:3)
  An ironbound frostheart (Vaults:3)
  A vampire mage (Vaults:3)
  2 deep trolls (Vaults:3)
  A phantasmal warrior (Vaults:3)
  3 ironbound convokers
  4 vault sentinels
  A slime creature (Vaults:3)
  A water moccasin (Lair:3)
20 creatures vanquished.

Vanquished Creatures (others)
  An ironbound preserver (Vaults:2)
  A yaktaur captain (Vaults:3)
  2 ironbound frosthearts
  4 deep trolls
  A wizard (Vaults:1)
  A lindwurm (Vaults:1)
  A harpy (Vaults:1)
  A vault sentinel (Vaults:2)
  2 yaktaurs
  3 slime creatures (Vaults:3)
  27 fungi
  53 plants
  28 withered plants
125 creatures vanquished.

Grand Total: 951 creatures vanquished

Notes
Turn   | Place    | Note
-------+----------+-------------------------------------------
     0 | D:1      | GigaChad the Minotaur Fighter began the quest for the Orb.
     0 | D:1      | Reached XP level 1. HP: 19/19 MP: 0/0
     0 | D:1      | Upgraded the game from 0.30-a0-953-g5f1da4a474 to
                  | 0.30-a0-956-gcec3b41aec
     4 | D:1      | Found Xoclunid's Book Emporium.
    30 | D:1      | Found Aqium's General Store.
   155 | D:1      | Reached XP level 2. HP: 27/27 MP: 1/1
   165 | D:1      | Found a faded altar of an unknown god.
   237 | D:1      | Found Muif's Jewellery Shop.
   322 | D:1      | Found Wostryiz's General Store.
   558 | D:1      | Found Uvvotic's Jewellery Boutique.
   575 | D:1      | Reached skill level 4 in Fighting
   575 | D:1      | Reached XP level 3. HP: 33/33 MP: 2/2
   968 | D:2      | Found a white marble altar of Elyvilon.
  1862 | D:3      | Reached XP level 4. HP: 34/40 MP: 3/3
  2149 | D:4      | Found the +18 Lear's hauberk
  2200 | D:4      | Found a sand-covered staircase.
  2210 | Ossuary  | Entered an ossuary
  2223 | Ossuary  | Reached skill level 1 in Dodging
  2233 | Ossuary  | Reached XP level 5. HP: 44/47 MP: 4/4
  2241 | Ossuary  | Reached skill level 5 in Axes
  2252 | Ossuary  | Reached XP level 6. HP: 35/53 MP: 5/5
  2365 | Ossuary  | Reached XP level 7. HP: 60/60 MP: 6/6
  2382 | Ossuary  | Reached skill level 5 in Armour
  2535 | Ossuary  | Reached skill level 5 in Fighting
  2542 | Ossuary  | Reached skill level 5 in Shields
  2689 | D:4      | Noticed Duvessa
  2689 | D:4      | Noticed Dowan
  2699 | D:4      | Killed Duvessa
  2700 | D:4      | Reached XP level 8. HP: 68/68 MP: 7/7
  2702 | D:4      | Killed Dowan
  2791 | D:4      | Found a stormy altar of Qazlal.
  2794 | D:4      | Noticed an air elemental
  2796 | D:4      | Noticed Pikel
  2810 | D:4      | Killed Pikel
  2811 | D:4      | Reached skill level 6 in Fighting
  2884 | D:4      | Reached skill level 10 in Axes
  2989 | D:4      | Noticed Natasha
  2995 | D:4      | Killed Natasha
  3020 | D:4      | Noticed Eustachio
  3027 | D:4      | Killed Eustachio
  3164 | D:4      | Noticed Natasha
  3168 | D:4      | Killed Natasha
  3285 | D:5      | Entered Level 5 of the Dungeon
  3305 | D:5      | Noticed Menkaure
  3312 | D:5      | Killed Menkaure
  3313 | D:5      | Reached XP level 9. HP: 64/78 MP: 8/8
  3313 | D:5      | Found a staircase to the Ecumenical Temple.
  3329 | Temple   | Entered the Ecumenical Temple
  3495 | Temple   | Became a worshipper of Gozag Ym Sagoz the Greedy
  3581 | D:5      | Noticed Blork the orc
  3587 | D:5      | Killed Blork the orc
  3620 | D:5      | Noticed Sigmund
  3627 | D:5      | Killed Sigmund
  3628 | D:5      | Reached skill level 7 in Fighting
  3751 | D:5      | Found a shimmering altar of Xom.
  3751 | D:5      | Found a shimmering altar of Xom.
  3752 | D:5      | Found a shimmering altar of Xom.
  4087 | D:6      | You fall into a shaft and drop 2 floors!
  4368 | D:7      | Found a runed translucent gate.
  4368 | D:7      | Found a runed translucent gate.
  4368 | D:7      | Found a runed translucent gate.
  4368 | D:7      | Noticed TheSexyCheese's ghost (novice DEFE)
  4370 | D:7      | Found a basalt altar of Yredelemnul.
  4457 | D:7      | Found a hazy altar of Hepliaklqana.
  4463 | D:7      | Found a glowing silver altar of Zin.
  4494 | D:7      | Found a broken altar of Ashenzari.
  4509 | D:7      | Reached skill level 8 in Fighting
  4521 | D:7      | Reached XP level 10. HP: 58/88 MP: 9/9
  4724 | D:7      | Found a hide-covered altar of Uskayaw.
  4724 | D:7      | Noticed a +0 dagger
  4724 | D:7      | Noticed a +0 dagger
  5227 | D:8      | Paralysed by a hornet for 1 turns
  5413 | D:6      | Identified the +0 flail "Jellybane" {holy, rElec rF+ Str-4
                  | Stlth+}
  5738 | D:6      | Reached skill level 9 in Fighting
  6302 | D:6      | Identified the +5 flail of the Evening {spect, rF++}
  6510 | D:1      | Bought the necklace of Bloodlust {Fury *Rage Will++ Int-3
                  | Slay+6} for 498 gold pieces
  6510 | D:1      | Found the necklace of Bloodlust {Fury *Rage Will++ Int-3
                  | Slay+6}
  6662 | D:8      | Noticed a two-headed ogre
  6668 | D:8      | Killed a two-headed ogre
  6735 | D:8      | Reached skill level 10 in Armour
  6861 | D:8      | Found an iron altar of Okawaru.
  6903 | D:8      | Noticed Erica
  6913 | D:8      | Killed Erica
  7452 | D:9      | Found a staircase to the Orcish Mines.
  7465 | D:9      | Reached XP level 11. HP: 97/97 MP: 10/10
  7699 | D:9      | Noticed a two-headed ogre
  7705 | D:9      | Killed a two-headed ogre
  7706 | D:9      | Reached skill level 10 in Fighting
  7722 | D:9      | Found a radiant altar of Vehumet.
  8249 | Orc:1    | Entered Level 1 of the Orcish Mines
  8249 | Orc:1    | Noticed Maurice
  8260 | Orc:1    | Killed Maurice
  8345 | Orc:1    | Found a runed translucent gate.
  8346 | Orc:1    | Found a runed translucent gate.
  8347 | Orc:1    | Found a runed translucent gate.
  8348 | Orc:1    | Noticed jejorda2's ghost (adept MfBe)
  8932 | Orc:2    | Entered Level 2 of the Orcish Mines
  8940 | Orc:2    | Noticed an orc sorcerer
  8941 | Orc:2    | Noticed an orc knight
  8965 | Orc:2    | Reached skill level 11 in Fighting
  8965 | Orc:2    | Killed an orc sorcerer
  8971 | Orc:2    | Noticed an orc warlord
  8973 | Orc:2    | Killed an orc knight
  8997 | Orc:2    | Killed an orc warlord
  9008 | Orc:2    | Found Kitwuc's Antique Armour Emporium.
  9408 | Orc:2    | Found a staircase to the Elven Halls.
  9438 | Orc:2    | Noticed an orc sorcerer
  9440 | Orc:2    | Found Tinu's Distillery.
  9441 | Orc:2    | Noticed a sun demon
  9443 | Orc:2    | Noticed an orc knight
  9447 | Orc:2    | Noticed an orc high priest
  9448 | Orc:2    | Reached XP level 12. HP: 112/112 MP: 11/11
  9452 | Orc:2    | Noticed an orc high priest
  9454 | Orc:2    | Killed an orc high priest
  9455 | Orc:2    | Reached skill level 12 in Fighting
  9471 | Orc:2    | Reached skill level 15 in Axes
  9471 | Orc:2    | Reached skill level 1 in Stealth
  9474 | Orc:2    | Killed an orc high priest
  9474 | Orc:2    | Noticed an orc high priest
  9479 | Orc:2    | Killed an orc high priest
  9485 | Orc:2    | Found Vunev's General Store.
  9894 | Orc:2    | Bought a potion of experience for 700 gold pieces
  9894 | Orc:2    | Reached skill level 13 in Fighting
  9894 | Orc:2    | Reached skill level 5 in Dodging
  9894 | Orc:2    | Reached skill level 10 in Shields
  9894 | Orc:2    | Reached XP level 13. HP: 122/122 MP: 12/12
  9898 | Orc:2    | Bought a box of beasts for 560 gold pieces
  9898 | Orc:2    | Found Alaleymn's Armour Shop.
  9900 | Orc:2    | Found Haucits's Antique Weapon Shoppe.
 10093 | Orc:1    | Found Ding's Distillery.
 10197 | Orc:1    | Noticed Gastronok
 10209 | Orc:1    | Killed Gastronok
 10387 | D:10     | Entered Level 10 of the Dungeon
 10412 | D:10     | Identified the +0 robe of Cocytus {rPois rF++ Will+ Str-3}
 10504 | D:10     | Noticed Urug
 10511 | D:10     | Killed Urug
 10623 | D:10     | Noticed Erolcha
 10639 | D:10     | Killed Erolcha
 10689 | D:10     | Noticed Maggie
 10696 | D:10     | Killed Maggie
 10823 | D:10     | Noticed Lodul
 10824 | D:10     | Noticed Snorg
 10832 | D:10     | Killed Lodul
 10837 | D:10     | Killed Snorg
 10838 | D:10     | Reached skill level 14 in Fighting
 10903 | D:11     | Found a staircase to the Lair.
 11032 | D:11     | Found a transporter.
 11119 | D:11     | Found Kyak's Book Boutique.
 11321 | D:11     | Reached XP level 14. HP: 130/133 MP: 13/13
 11435 | D:11     | Found a transporter.
 11502 | D:11     | Noticed a brown very ugly thing
 11512 | D:11     | Noticed Qatsonavu's ghost (journeyman GrFE)
 11518 | D:11     | Found a one-way gate to the infinite horrors of the Abyss.
 11647 | Lair:1   | Entered Level 1 of the Lair of Beasts
 11899 | Lair:1   | Identified the +0 cloak "Bowkil" {Int+2 Dex+3}
 12023 | Lair:1   | Identified a scroll of acquirement
 12023 | Lair:1   | Acquired 849 gold pieces
 12857 | Lair:2   | Reached skill level 15 in Fighting
 14437 | Lair:3   | Found a staircase to the Snake Pit.
 14460 | Lair:3   | Identified the +3 ring mail "Muin" {-Tele Rampage rElec
                  | Regen+}
 15028 | Lair:4   | Reached skill level 16 in Fighting
 15028 | Lair:4   | Reached skill level 15 in Armour
 15872 | Lair:5   | Entered Level 5 of the Lair of Beasts
 16116 | Lair:5   | Reached XP level 15. HP: 144/144 MP: 14/14
 16816 | Lair:5   | Reached skill level 17 in Fighting
 17093 | Lair:5   | Found a runed translucent gate.
 17093 | Lair:5   | Found a runed translucent gate.
 17093 | Lair:5   | Found a runed translucent gate.
 17094 | Lair:5   | Noticed an azure jelly
 17094 | Lair:5   | Noticed a rockslime
 17094 | Lair:5   | Noticed an azure jelly
 17094 | Lair:5   | Noticed an acid blob
 17095 | Lair:5   | Found a viscous altar of Jiyva.
 17095 | Lair:5   | Noticed Elebb's ghost (journeyman NaSu)
 17095 | Lair:5   | Noticed an azure jelly
 18481 | D:13     | Found a gate to the Vaults.
 19939 | D:14     | Found a frozen archway.
 20759 | D:15     | Entered Level 15 of the Dungeon
 20805 | D:15     | Found a staircase to the Depths.
 20906 | D:15     | Reached skill level 15 in Shields
 20909 | D:15     | Noticed Josephine
 20923 | D:15     | Killed Josephine
 21387 | D:15     | Identified the +0 robe "Addephae" {rF+}
 21417 | D:15     | Reached XP level 16. HP: 157/157 MP: 15/15
 22024 | Vaults:1 | Entered Level 1 of the Vaults
 22042 | Vaults:1 | Reached skill level 18 in Fighting
 23391 | Vaults:1 | Reached skill level 19 in Fighting
 24342 | Vaults:2 | Reached XP level 17. HP: 144/168 MP: 16/16
 24633 | Vaults:2 | Found Jikawk's Magic Scroll Shop.
 24958 | Vaults:2 | Reached skill level 20 in Fighting
 25616 | Vaults:3 | Identified the +7 scale mail of Ushreps {Will+ Int+3}
 25738 | Vaults:3 | Identified the +7 dagger of Rucziuse {vamp, rElec Int+3
                  | Dex+5}
 26681 | Vaults:3 | Identified the +0 arbalest of the Slashing Gods {speed,
                  | *Slow rN+++ Str-2 Int+6}
 26903 | Vaults:3 | Found a staircase to the Crypt.
 27266 | Vaults:4 | Reached skill level 21 in Fighting
 27292 | Vaults:4 | Killed from afar by an ironbound thunderhulk

Illustrated notes

Levels and vault maps discovered:
D:1:      doesnt_arrival_eight_statues, layout_basic, serial_shops,
          nicolae_shop_advertising_works [nicolae_subvault_shop_adworks], shop,
          nicolae_lakefront_shop, shop, shop,
          shapermc_ecumenical_altar_notcrosses
D:2:      minmay_spotlight, layout_basic, basic_altar
D:3:      layout_loops_cross, st_stairs_7
D:4:      layout_basic, nicolae_qazlal_style_of_elements,
          gup_ossuary_entry_pyramid, uniq_eustachio, uniq_natasha, uniq_pikel,
          uniq_duvessa
D:5:      layout_rooms, xom_redecorated, minmay_temple_entry_mini_moons,
          uniq_sigmund, uniq_menkaure, uniq_blork_the_orc
D:6:      cheibrodos_two_vegetables, layout_gridville
D:7:      layout_loops_ring, ashenzari_conservatory_becter,
          dancing_weapons_uskayaw, nicolae_yredelemnul_ghost_church,
          mainiacjoe_overflow_large_starburst, water_boxes_lemuel
D:8:      layout_basic, lemuel_round_altar, serial_undead, serial_undead_f,
          serial_undead_c, serial_undead_b, serial_undead_e, grunt_tough_drop,
          uniq_erica
D:9:      layout_basic, vehumet_statue, orc_0_dummy, grunt_decor_arrowhead
D:10:     layout_big_octagon, uniq_lodul, uniq_maggie, uniq_snorg, uniq_erolcha,
          uniq_urug
D:11:     layout_roguey, lair_entry_dummy, gammafunk_ghost_abyssal_escape,
          fungi_pond_lemuel, nicolae_stop_n_shop_2
D:12:     layout_cave_pools
D:13:     layout_cave_pods, erik_vaults_2, serial_column_ruins,
          column_ruins_hut_ruined, column_ruins_columns_straight,
          column_ruins_open_tiny, column_ruins_grid_1
D:14:     wad_pebble_path, layout_basic, infiniplex_staircase_star, serial_ice,
          serial_ice_h, serial_ice_c, serial_ice_f, serial_ice_b, serial_ice_a,
          serial_ice_n, serial_ice_i, portal_ice_cave_entry_pillars_four
D:15:     grunt_enter_depths_giant_problem, layout_basic, uniq_josephine
Temple:   oiseaux_autumnal_temple
Lair:1:   layout_chaotic_city, serial_bayou_shore_a, lemuel_fruit_tree
Lair:2:   layout_regular_city, nicolae_shoals_entry_flooding,
          lightli_volcano_entry_magma_tube, serial_bayou_pond_c,
          grunt_megastairs_4
Lair:3:   layout_regular_city, minmay_snake_entry_six_corridors,
          chequers_serial_rivers_large_a, infiniplex_staircase_pool_2
Lair:4:   layout_gridlike, wad_woods_road_01, serial_bayou_shore_b
Lair:5:   due_jungle_book, layout_small_grid, minmay_slime_entry_oklob_open,
          gammafunk_ghost_ooze
Orc:1:    layout_caves, gammafunk_ghost_split, serial_shops, shop,
          uniq_gastronok, uniq_maurice
Orc:2:    st_orc_elflike, layout_caves, serial_shops, shop
Vaults:1: vaults_room_door_hall, serial_ice_b, nicolae_vaults_network_square,
          v_rooms_3, nicolae_vaults_three_branches, v_misc_12,
          nicolae_vaults_little_squares_5, v_misc_16, vaults_dpeg_diagonal,
          ontoclasm_vaults_decontamination, layout_vaults_omnibox
Vaults:2: mu_enter_wizlab_3, nicolae_vaults_big_ls,
          nicolae_vaults_little_squares_6, v_pattern_5, ontoclasm_vaults_hangar,
          hangedman_vaults_pinch, v_rooms_6, nicolae_vaults_specimen_jars,
          nicolae_vaults_little_squares_4, grunt_vaults_diagonal,
          vaults_room_door_hall, vaults_room_boxed, layout_vaults_omnicross,
          serial_shops, nicolae_lakefront_shop
Vaults:3: nicolae_vaults_what_the_h, vaults_room_ringed_pool, vaults_dpeg_doors,
          nicolae_vaults_shelves_hall, v_misc_11,
          nicolae_vaults_yaktaur_gun_rack, ontoclasm_vaults_fault,
          nicolae_vaults_little_squares_4, grunt_vaults_focal,
          layout_vaults_quadrants, minmay_crypt_entry_simple_round
Vaults:4: nicolae_vaults_network_barrier, nicolae_vaults_stairing_the_circle,
          nicolae_vaults_windows_and_doors_thing, nicolae_vaults_shelves_hall,
          v_misc_16, v_rooms_4, vaults_room_fancy_cross,
          nicolae_vaults_little_ls, v_misc_12, vaults_room_corners,
          layout_vaults_big_room, uniq_donald

Skill      XL: |  1  2  3  4  5  6  7  8  9 10 11 12 13 14 15 16 17 |
---------------+----------------------------------------------------+-----
Axes           | 3 4 5 7 9 10 12 13 14 15 16 17 18 19 | 19.7
Armour         | 4 5 6 8 10 12 13 15 16 17 | 17.8
Fighting       | 4 5 6 8 9 11 13 14 16 17 19 21 | 21.0
Shields        | 4 5 6 7 8 10 11 12 15 16 17 | 17.7
Dodging        | 1 2 3 5 6 7 |  7.0
Stealth        | 1 2 3 |  3.1
Evocations     | |  0.4

Action                     |  1- 3 |  4- 6 |  7- 9 | 10-12 | 13-15 | 16-18 || total
---------------------------+-------+-------+-------+-------+-------+-------++-------
  Melee: War axe           |    97 |    82 |   224 |   346 |   782 |   397 ||  1928
         Headbutt          |    10 |    15 |    42 |    72 |   210 |   130 ||   479
 Invoke: Bribe Branch      |       |       |       |       |       |     1 ||     1
  Evoke: Wand              |       |       |       |       |     7 |       ||     7
         Lightning rod     |       |       |       |       |     1 |       ||     1
    Use: Scroll            |       |     6 |    10 |     2 |    18 |     2 ||    38
         Potion            |       |       |       |     3 |       |       ||     3
   Stab: Distracted        |       |       |       |     3 |     4 |     2 ||     9
 Armour: Scale mail        |    42 |       |       |       |       |       ||    42
         Chain mail        |       |    41 |   133 |   179 |   428 |   127 ||   908
  Dodge: Dodged            |    39 |    34 |    92 |   115 |   273 |   102 ||   655
  Block: Buckler           |    23 |    25 |    87 |   126 |    84 |       ||   345
         Kite shield       |       |       |       |       |   379 |   213 ||   592

Table legend: (Time is in decaauts)
 A = Elapsed time spent in this place.
 B = Non-inter-level travel time spent in this place.
 C = Inter-level travel time spent in this place.
 D = Time resting spent in this place.
 E = Time spent auto-exploring this place.
 F = Levels seen in this place.
 G = Mean time per level.
                   A        B        C        D        E       F      G
               +--------+--------+--------+--------+--------+-----+--------+
         Total |  28423 |  27041 |   1382 |   3651 |  15692 |  28 | 1015.1 |
       Dungeon |  13768 |  12930 |    838 |   1872 |   7748 |  15 |  917.9 |
        Temple |    207 |    170 |     37 |      0 |     88 |   1 |  207.0 |
          Lair |   6354 |   6130 |    224 |    111 |   4359 |   5 | 1270.8 |
  Orcish Mines |   2137 |   2058 |     79 |    535 |    839 |   2 | 1068.5 |
        Vaults |   5517 |   5315 |    202 |   1132 |   2448 |   4 | 1379.2 |
       Ossuary |    438 |    438 |      0 |      0 |    207 |   1 |  438.0 |
               +--------+--------+--------+--------+--------+-----+--------+

Top non-repeatable levels by time:
Vaults:1: 1947 daAuts
Vaults:2: 1809 daAuts
  Lair:5: 1787 daAuts
Vaults:3: 1716 daAuts
    D:13: 1565 daAuts
     D:6: 1256 daAuts
  Lair:3: 1242 daAuts
  Lair:2: 1238 daAuts
    D:14: 1234 daAuts
    D:15: 1221 daAuts
   Orc:2: 1160 daAuts
  Lair:4: 1120 daAuts
     D:8: 1043 daAuts
     D:7: 1024 daAuts
   Orc:1: 977 daAuts
